 Dungeon Crawl Stone Soup version 0.25.0-26-g0c896c7088 (webtiles) character file.

Game seed: 3232355802620087457

1673 xccam the Insei (level 9, -1/58 HPs)
             Began as an Octopode Transmuter on July 1, 2020.
             Was an Initiate of Okawaru.
             Slain by a sky beast (5 damage)
             ... on level 7 of the Dungeon.
             The game lasted 00:10:17 (8676 turns).

xccam the Insei (Octopode Transmuter)               Turns: 8676, Time: 00:10:18

Health: -1/58      AC:  1    Str: 10    XL:     9   Next: 1%
Magic:  15/15      EV: 13    Int: 16    God:    Okawaru [......]
Gold:   292        SH:  0    Dex: 14    Spells: 13/16 levels left

rFire    . . .     SeeInvis .     - Unarmed
rCold    + + .     Gourm    .   q - +0 kite shield {rC+}
rNeg     . . .     Faith    .   (helmet restricted)
rPois    .         Spirit   .   (no amulet)
rElec    .         Reflect  .   o - ring of stealth
rCorr    .         Harm     .   g - ring of wizardry
MR       .....                  s - ring of protection from cold
Stlth    +++.......             (no ring)
HPRegen  0.19/turn              (no ring)
MPRegen  0.14/turn              (no ring)
                                (no ring)
                                (no ring)

@: confused
A: almost no armour, stealthy swim, amphibious, 8 rings, constrict 8, camouflage
1, gelatinous body 1
a: Renounce Religion


You were on level 7 of the Dungeon.
You worshipped Okawaru.
Okawaru was noncommittal.
You were not hungry.

You visited 2 branches of the dungeon, and saw 8 of its levels.
You also visited: Sewer.

You collected 494 gold pieces.
You spent 202 gold pieces at shops.

Inventory:

Missiles
 a - 88 arrows
Armour
 q - a +0 kite shield of cold resistance (worn)
Jewellery
 g - a ring of wizardry (right tentacle)
 o - a ring of stealth (left tentacle)
 s - a ring of protection from cold (on tentacle)
 w - a +6 ring of strength
Wands
 x - a wand of disintegration (13)
 A - a wand of iceblast (7)
Scrolls
 b - a scroll of amnesia {unknown}
 f - 3 scrolls of immolation {unknown}
 h - 5 scrolls of teleportation
 i - 2 scrolls of magic mapping
 l - a scroll of enchant weapon {unknown}
 m - 2 scrolls of noise {unknown}
 t - 2 scrolls of remove curse {unknown}
 v - 2 scrolls of identify
 y - a scroll of enchant armour {unknown}
 B - 2 scrolls of blinking {unknown}
Potions
 d - 5 potions of curing
 e - 4 potions of flight
 j - 3 potions of ambrosia
 k - 2 potions of degeneration
 n - a potion of berserk rage
 p - a potion of mutation
 r - a potion of resistance
 u - a potion of stabbing
 z - 2 potions of cancellation {unknown}
Comestibles
 c - 11 rations


   Skills:
 + Level 4.3 Fighting
 + Level 4.7 Dodging
 + Level 3.6 Shields
 + Level 7.2 Unarmed Combat
 - Level 4.0 Spellcasting
 - Level 4.0 Transmutations


You had 13 spell levels left.
You knew the following spells:

 Your Spells              Type           Power        Failure   Level  Hunger
a - Beastly Appendage     Tmut           ###...       6%          1    None
b - Sticks to Snakes      Tmut           ###.....     9%          2    ##.....

Your spell library contained the following spells:

 Spells                   Type           Power        Failure   Level  Hunger
 Spider Form              Tmut/Pois      #.........   34%         3    ###....
 Ice Form                 Ice/Tmut       #.......     75%         4    ####...
 Blade Hands              Tmut           ###.......   80%         5    ######.


Dungeon Overview and Level Annotations

Branches:
Dungeon (7/15)             Temple (1/1) D:6           Sewer (visited)

Altars:
Ashenzari
Cheibriados
Dithmenos
Elyvilon
Fedhas
Gozag
Hepliaklqana
Kikubaaqudgha
Makhleb
Nemelex Xobeh
Okawaru
Qazlal
Ru
Sif Muna
Trog
Uskayaw
Vehumet
Wu Jian
Xom
Yredelemnul
Zin
The Shining One

Shops:
D:4 [


Innate Abilities, Weirdness & Mutations

You cannot wear most types of armour.
You are very stealthy in the water. (Stealth+)
You are amphibious.
You can wear up to eight rings at the same time.
You can use your tentacles to constrict eight enemies at once.
Your skin changes colour to match your surroundings (Stealth+).
Your rubbery body absorbs attacks. (AC +1, EV +1)


Message History

The sky beast shocks you.
* * * LOW HITPOINT WARNING * * *
You closely miss the sky beast.
The sky beast is lightly wounded.
The sky beast barely misses you.
You bludgeon the sky beast! Your squeeze misses the sky beast.
The sky beast is heavily wounded.
You feel sick.
You are no longer poisoned.
The sky beast flickers out of sight!
Deactivating autopickup; reactivate with Ctrl-A.
Something hits you.
* * * LOW HITPOINT WARNING * * *
Something shocks you.
* * * LOW HITPOINT WARNING * * *
You are confused.
You feel invigorated. Something hits you.
* * * LOW HITPOINT WARNING * * *
Something shocks you.
You die...

..........# #..........#
#........##
###.(.......)#
#######..##
#............#
#..######....$....(#
#...#..............# #
#....z###..........###.
#...# #...............
##...####.#####.........
####..<)#?@{?#
##.......#
.........#.####
####..... ###.##.....#
##....... # #...###
#......{. #....#.|
#.#...$†. #..####..
#......... .... ..
........... .## ...
......####.. ... ......
..


There were no monsters in sight!

Vanquished Creatures
  Sigmund (D:2)
  Menkaure (D:7)
  A necrophage (D:6)
  Blork the orc (D:4)
  2 bullfrogs (D:7)
  A scorpion (D:5)
  A wight (D:7)
  A howler monkey (D:6)
  2 crimson imps
  3 bullfrog skeletons
  3 orc priests
  3 hounds
  An orc wizard (D:5)
  A centaur skeleton (D:4)
  An iguana (D:4)
  2 merfolk sirens (Sewer)
  A merfolk avatar (Sewer)
  4 worker ants
  A killer bee zombie (D:5)
  2 hound zombies (D:6)
  A hound skeleton (D:4)
  4 gnolls
  14 adders
  A river rat (Sewer)
  A shadow imp (D:5)
  An ooze (D:1)
  3 worms
  6 dart slugs
  7 leopard geckos
  12 orcs
  3 giant cockroaches
  6 goblins
  7 hobgoblins
  8 jackals
  7 kobolds
  3 quokkas
  8 ball pythons (Sewer)
  6 bats
  9 frilled lizards
  A leopard gecko skeleton (D:6)
  A leopard gecko zombie (D:6)
  A quokka skeleton (D:6)
  28 rats
171 creatures vanquished.

Vanquished Creatures (collateral kills)
  A rat (D:2)
1 creature vanquished.

Grand Total: 172 creatures vanquished

Notes
Turn   | Place    | Note
-------+----------+-------------------------------------------
     0 | D:1      | xccam the Octopode Transmuter began the quest for the Orb.
     0 | D:1      | Reached XP level 1. HP: 13/13 MP: 3/3
   138 | D:1      | Reached XP level 2. HP: 18/18 MP: 5/5
   142 | D:1      | Learned a level 2 spell: Sticks to Snakes
   243 | D:1      | You fall into a shaft and drop 1 floor!
   460 | D:1      | Reached skill level 4 in Unarmed Combat
   477 | D:1      | Reached XP level 3. HP: 17/23 MP: 6/6
  1540 | D:1      | Reached XP level 4. HP: 21/28 MP: 5/7
  1653 | D:2      | Reached skill level 5 in Unarmed Combat
  1767 | D:2      | Reached XP level 5. HP: 33/33 MP: 6/8
  1974 | D:2      | Noticed Sigmund
  2027 | D:2      | Killed Sigmund
  2027 | D:2      | Reached skill level 6 in Unarmed Combat
  2027 | D:2      | Reached XP level 6. HP: 24/38 MP: 1/10
  2298 | D:2      | Found a faded altar of an unknown god.
  3542 | D:4      | Noticed Blork the orc
  3554 | D:4      | Killed Blork the orc
  3657 | D:4      | Found a glowing drain.
  3661 | D:4      | Reached XP level 7. HP: 34/43 MP: 12/12
  3672 | Sewer    | Entered a sewer
  4482 | D:4      | Found Miabaka's Antique Armour Boutique.
  4495 | D:4      | Bought a shiny kite shield for 202 gold pieces
  5685 | D:5      | Entered Level 5 of the Dungeon
  5723 | D:5      | Reached skill level 1 in Shields
  6048 | D:5      | Reached XP level 8. HP: 33/51 MP: 14/14
  7575 | D:6      | Found a shattered altar of Ashenzari.
  7575 | D:6      | Found a radiant altar of Vehumet.
  7577 | D:6      | Found a sacrificial altar of Ru.
  7577 | D:6      | Found a glowing golden altar of the Shining One.
  7578 | D:6      | Found an ornate altar of the Wu Jian Council.
  7578 | D:6      | Found a sparkling altar of Nemelex Xobeh.
  7578 | D:6      | Found a hazy altar of Hepliaklqana.
  7578 | D:6      | Found an ancient bone altar of Kikubaaqudgha.
  7776 | D:6      | Found a staircase to the Ecumenical Temple.
  7847 | Temple   | Entered the Ecumenical Temple
  7896 | Temple   | Became a worshipper of Warmaster Okawaru
  8185 | D:7      | Noticed Menkaure
  8196 | D:7      | Killed Menkaure
  8352 | D:7      | Reached skill level 7 in Unarmed Combat
  8660 | D:7      | Reached XP level 9. HP: 45/58 MP: 13/15
  8676 | D:7      | Slain by a sky beast

Illustrated notes

Levels and vault maps discovered:
D:1:      minmay_arrival_four_houses, layout_loops_ring, nrook_uturn
D:2:      layout_basic, chequers_ecumenical_altar_simple, uniq_sigmund
D:3:      layout_loops_ring
D:4:      layout_basic, serial_shops, shop_coins, portal_sewer_entry_d,
          uniq_blork_the_orc
D:5:      layout_basic, first_ration, minmay_misc_feat_ornament,
          cheibrodos_gnoll_hut
D:6:      layout_basic, grunt_temple_overflow_open,
          minmay_temple_entry_overgrown, lemuel_flamethrower_2
D:7:      layout_rooms, grunt_ogre_cave, uniq_menkaure
Temple:   zaba_magenta_temple

Skill      XL: |  1  2  3  4  5  6  7  8 |
---------------+-------------------------+-----
Unarmed Combat | 4 5 6 7 |  7.2
Transmutations | 3 4 |  4.0
Spellcasting   | 3 4 |  4.0
Fighting       | 2 4 |  4.3
Shields        | 1 3 |  3.6
Dodging        | 3 4 |  4.7

Action                   |  1- 3 |  4- 6 |  7- 9 || total
-------------------------+-------+-------+-------++-------
Melee: Unarmed           |    62 |   107 |   261 ||   430
       Tentacles         |    10 |    12 |    40 ||    62
       Constrict         |    14 |    29 |    64 ||   107
       Punch             |     2 |     3 |     7 ||    12
       Kick              |     3 |    16 |    16 ||    35
 Cast: Beastly Appendage |     3 |     8 |     8 ||    19
       Sticks to Snakes  |       |     7 |       ||     7
  Use: Potion            |       |     6 |     2 ||     8
       Scroll            |       |     5 |       ||     5
 Stab: Sleeping          |     8 |     5 |    18 ||    31
  Eat: Chunk             |     2 |     7 |    13 ||    22
       Ration            |       |       |     1 ||     1
Armor: Skin              |     8 |     3 |     9 ||    20
Dodge: Dodged            |    48 |    60 |   118 ||   226
Block: Kite shield       |       |       |    56 ||    56
